 Dungeon Crawl Stone Soup version 0.28-a0-768-g8c92f1e708 (webtiles) character file.

Game seed: 14670314359906366293

91917 Johnny the Human Blade (level 16, -1/124 HPs)
             Began as a Human Berserker on Oct 31, 2021.
             Was a High Priest of Trog.
             Slain by a golden dragon simulacrum (6 damage)
             ... in an ice cave.
             The game lasted 00:25:17 (22940 turns).

Johnny the Human Blade (Human Berserker)           Turns: 22940, Time: 00:25:18

Health: -1/124     AC: 16    Str: 24    XL:     16   Next: 52%
Magic:  16/16      EV: 16    Int:  5    God:    Trog [*****.]
Gold:   1248       SH:  0    Dex: 13    Spells: 15/15 levels left

rFire   + + .      SeeInvis .   F - +8 great sword (protect)
rCold   + + .      Faith    .   (shield currently unavailable)
rNeg    . . .      Spirit   .   U - +0 fire dragon scales
rPois   +          Reflect  .   O - +0 helmet
rElec   .          Harm     .   (no cloak)
rCorr   .          Rampage  .   t - +2 pair of gloves
Will    +++..                   u - +0 pair of boots
Stlth   ..........              q - amulet of regeneration
HPRegen 2.30/turn               g - ring "Refujiny" {*Corrode rPois rC+++ Int-3 Slay+4}
MPRegen 0.15/turn               K - +4 ring of evasion

@: strong-willed, on berserk cooldown, regenerating, slowed, very slow
A: no striking features
a: Renounce Religion, Berserk, Trog's Hand, Brothers in Arms


You were in an ice cave.
You worshipped Trog.
Trog was extremely pleased with you.
You visited 3 branches of the dungeon, and saw 22 of its levels.
You also visited: Ice Cave and Volcano.

You collected 2701 gold pieces.
You spent 1453 gold pieces at shops.

Inventory:

Hand Weapons
 A - a +3 antimagic great sword
 C - a +4 great sword of flaming
 F - a +8 great sword of protection (weapon)
 P - a +1 double sword
 R - the +10 falchion of Sioruim {elec, rElec Str-4 Dex+4}
   (You found it on level 4 of the Lair of Beasts)

   It occasionally discharges a powerful burst of electricity upon striking a
   foe.
   Str:       It affects your strength (-4).
   Dex:       It affects your dexterity (+4).
   rElec:     It insulates you from electricity.
Missiles
 i - 5 throwing nets (quivered)
Armour
 t - a +2 pair of gloves (worn)
 u - a +0 pair of boots (worn)
 x - a +0 troll leather armour
 O - a +0 helmet (worn)
 U - +0 fire dragon scales (worn)
Jewellery
 g - the ring "Refujiny" (left hand) {*Corrode rPois rC+++ Int-3 Slay+4}
   (You acquired it on level 6 of the Dungeon)

   [ring of slaying]

   Int:       It affects your intelligence (-3).
   Slay:      It affects your accuracy & damage with ranged weapons and melee
   (+4).
   rC:        It renders you almost immune to cold.
   rPois:     It protects you from poison.
   *Corrode:  It may corrode you when you take damage.
 q - an amulet of regeneration (around neck)
 y - a ring of positive energy
 G - a ring of resist corrosion
 K - a +4 ring of evasion (right hand)
 Y - a +4 ring of protection
Wands
 c - a wand of polymorph (1)
 m - a wand of acid (6)
 n - a wand of digging (11)
 v - a wand of flame (22)
 N - a wand of charming (28)
 X - a wand of iceblast (10)
Scrolls
 a - a scroll of magic mapping
 f - 3 scrolls of silence
 h - 5 scrolls of enchant armour
 o - 3 scrolls of amnesia
 s - 2 scrolls of noise
 w - 6 scrolls of teleportation
 D - 3 scrolls of torment
 Q - 5 scrolls of identify
 S - 3 scrolls of fog
 V - a scroll of summoning
 W - 2 scrolls of immolation
Potions
 b - 2 potions of berserk rage
 d - 5 potions of haste
 e - 3 potions of degeneration
 j - 6 potions of heal wounds
 k - 4 potions of lignification
 l - 9 potions of mutation
 p - 5 potions of brilliance
 r - 13 potions of curing
 z - 2 potions of resistance
 B - 4 potions of flight
 E - 4 potions of attraction
 I - 7 potions of might
 J - 3 potions of magic
Miscellaneous
 H - a phial of floods
 M - a condenser vane (inert)
 T - a lightning rod (4/4)


   Skills:
 + Level 10.7 Fighting
 - Level 24.2 Long Blades
 + Level 6.1 Armour
 + Level 6.0 Dodging


You had 15 spell levels left.
You didn't know any spells.
Your spell library was empty.

Dungeon Overview and Level Annotations

Branches:
Dungeon (14/15)            Temple (0/1) D:6            Lair (6/6) D:10
 Shoals (0/4) Lair:2        Snake (0/4) Lair:3        Slime (0/5) Lair:6
    Orc (2/2) D:10            Elf (0/3) Orc:2         IceCv (1/1)
Volcano (visited)
 Vaults: D:13-14

Altars:
Elyvilon
Kikubaaqudgha
Nemelex Xobeh
Okawaru
Sif Muna
Yredelemnul

Shops:
Orc:2 =:?*

Annotations:
Lair:6 3 runed translucent doors, MacCMillion's ghost, journeyman TrMo IceCv exclusion: 2 orange crystal statues


Message History

Blink to where?
Press: ? - help, Dir - move target
As you read the scroll of blinking, it crumbles to dust.
Blink to where?
Press: ? - help, Dir - move target 2 simulacra come into view.
Found four items.
As you read the scroll of blinking, it crumbles to dust.
Blink to where?
Press: ? - help, Dir - move target A very ugly thing, 2 orange crystal statues and 6 simulacra come into view.
As you read the scroll of blinking, it crumbles to dust.
The caustic shrike simulacrum barely misses you.
The caustic shrike simulacrum claws you!
* * * LOW HITPOINT WARNING * * *
The caustic shrike simulacrum freezes you!
You resist.
* * * LOW HITPOINT WARNING * * *
The anaconda simulacrum closely misses you.
The anaconda simulacrum bites you.
* * * LOW HITPOINT WARNING * * *
The anaconda simulacrum freezes you. You resist.
* * * LOW HITPOINT WARNING * * *
The caustic shrike simulacrum claws you but does no damage.
Marking area around 2 orange crystal statues as unsafe for travelling.
Unknown command.
Unknown command.
Unknown command.
Blink to where?
Press: ? - help, Dir - move target A very ugly thing, a freezing wraith and 2 simulacra come into view.
Found ten items.
As you read the scroll of blinking, it crumbles to dust.
The white very ugly thing gurgles horribly!
The orange crystal statue glitters.
The golden dragon simulacrum bites you.
* * * LOW HITPOINT WARNING * * *
The golden dragon simulacrum freezes you.
You resist.
You die...

#########
#)(}|}$|#
#?.....)#
#(.....[#
#.......#
#Z...Z..#
#@uWZ.#
##.W.##
##8##
##...#
##...WZ##
#..Z...8#
#.......#
#..Z.u.ยง#
#...Z.Z.#


You could see a white very ugly thing, 2 orange crystal statues, 3 freezing
wraiths, a dire elephant simulacrum (summoned), a golden dragon simulacrum and 2
caustic shrike simulacra.

Vanquished Creatures
  Rupert (Lair:6)
  A very ugly thing (D:14)
  Snorg (D:10)
  5 vault guards
  7 hydras
  2 ogre magi (Orc:2)
  A boulder beetle (Lair:6)
  3 catoblepae (Lair:6)
  3 centaur warriors (D:13)
  13 two-headed ogres
  A tengu warrior (D:13)
  2 death yaks (Lair:6)
  A sun demon (Volcano)
  2 deep trolls (Orc:2)
  Pikel (D:5)
  2 orc knights
  13 ugly things
  5 manticores
  3 orc sorcerers
  6 cyclopes
  16 elephants
  7 black mambas
  A merfolk siren (Lair:2)
  2 gargoyles
  2 kobold demonologists
  10 cane toads
  An unseen horror (D:12)
  4 rime drakes
  A komodo dragon (shapeshifter) (D:13)
  A tengu conjurer (D:13)
  5 komodo dragons
  2 red devils (Volcano)
  16 trolls
  Grinder (D:3)
  2 polar bears
  Prince Ribbit (D:8)
  16 blink frogs
  4 slime creatures (D:12)
  9 dream sheep
  A snapping turtle (D:10)
  2 shadows
  5 wyverns
  38 yaks
  6 fire bats (Volcano)
  2 vampires
  2 wraiths
  5 basilisks
  Menkaure (D:6)
  3 wargs (Orc:1)
  3 vampire mosquitoes (D:10)
  Edmund (D:6)
  A hell hound (Volcano)
  An acid dragon (D:12)
  Duvessa (D:6)
  15 water moccasins
  2 ice beasts
  3 black bears
  25 ogres
  16 orc warriors
  6 necrophages
  19 wolves
  13 centaurs
  2 phantoms
  4 lemures
  2 kobold brigands
  Blork the orc (D:6)
  A scorpion (D:5)
  11 bullfrogs
  Dowan (D:6)
  A water moccasin skeleton (D:5)
  5 killer bees (D:10)
  2 electric eels (D:9)
  7 howler monkeys
  8 lava snakes (Volcano)
  3 centaur zombies
  3 jellies
  A hound (D:6)
  17 orc priests
  A bullfrog skeleton (D:6)
  A centaur skeleton (D:6)
  A gnoll shaman (D:7)
  Jessica (D:3)
  An iguana (D:6)
  29 orc wizards
  A killer bee zombie (D:8)
  A howler monkey zombie (D:9)
  4 adders
  12 gnolls
  An ufetubus (D:4)
  A worm (D:3)
  5 dart slugs
  94 orcs
  8 endoplasms
  3 giant cockroaches
  3 goblins
  8 hobgoblins
  8 jackals (D:1)
  4 quokkas
  4 ball pythons
  7 bats
  2 frilled lizards
  25 kobolds
  9 rats
  A butterfly (D:6)
649 creatures vanquished.

Vanquished Creatures (collateral kills)
  A hydra (Lair:6)
  2 death yaks (Lair:6)
  2 two-headed ogres (Orc:2)
  A torpor snail (Lair:5)
  A troll (Orc:2)
  2 dream sheep (Lair:5)
  9 yaks
  A bullfrog (Lair:5)
19 creatures vanquished.

Vanquished Creatures (others)
  A boulder beetle (D:14)
  A two-headed ogre (D:9)
  A bush (Lair:6)
  15 fungi
  35 plants
53 creatures vanquished.

Grand Total: 721 creatures vanquished

Notes
Turn   | Place    | Note
-------+----------+-------------------------------------------
     0 | D:1      | Johnny the Human Berserker began the quest for the Orb.
     0 | D:1      | Reached XP level 1. HP: 18/18 MP: 1/1
   312 | D:1      | Reached XP level 2. HP: 24/24 MP: 2/2
   862 | D:1      | Reached XP level 3. HP: 26/29 MP: 3/3
  1127 | D:1      | Reached ** piety under Trog
  1205 | D:1      | Reached skill level 4 in Long Blades
  1766 | D:1      | Reached XP level 4. HP: 32/35 MP: 4/4
  2082 | D:2      | Found a faded altar of an unknown god.
  2302 | D:2      | Found Udoqyeny's Distillery.
  2312 | D:2      | Bought a potion of heal wounds for 60 gold pieces
  2312 | D:2      | Bought a potion of lignification for 36 gold pieces
  2821 | D:2      | You fall into a shaft and drop 2 floors!
  2821 | D:4      | Found an iron altar of Okawaru.
  3049 | D:4      | Reached XP level 5. HP: 39/42 MP: 5/5
  3260 | D:4      | Reached skill level 5 in Long Blades
  3271 | D:4      | Reached XP level 6. HP: 48/48 MP: 6/6
  3573 | D:3      | Noticed Jessica
  3579 | D:3      | Killed Jessica
  3579 | D:3      | Reached *** piety under Trog
  3759 | D:3      | Reached skill level 6 in Long Blades
  4279 | D:3      | Noticed Grinder
  4297 | D:3      | Killed Grinder
  4298 | D:3      | Reached skill level 5 in Fighting
  4298 | D:3      | Reached XP level 7. HP: 56/56 MP: 7/7
  5490 | D:5      | Entered Level 5 of the Dungeon
  5527 | D:5      | Reached skill level 7 in Long Blades
  5670 | D:5      | Reached XP level 8. HP: 45/63 MP: 8/8
  5701 | D:5      | Reached **** piety under Trog
  5830 | D:5      | Noticed Pikel
  5856 | D:4      | Reached skill level 8 in Long Blades
  6195 | D:5      | Killed Pikel
  6196 | D:5      | Reached skill level 9 in Long Blades
  6196 | D:5      | Reached XP level 9. HP: 71/71 MP: 9/9
  6819 | D:6      | Identified 2 scrolls of acquirement
  6824 | D:6      | Acquired the ring "Refujiny" {*Corrode rPois rC+++ Int-3
                  | Slay+4}
  6829 | D:6      | Acquired 695 gold pieces
  6852 | D:6      | Noticed Edmund
  6873 | D:6      | Killed Edmund
  6927 | D:6      | Reached skill level 10 in Long Blades
  7117 | D:6      | Noticed Blork the orc
  7120 | D:6      | Killed Blork the orc
  7128 | D:6      | Found a shimmering blue altar of Sif Muna.
  7217 | D:6      | Identified the +6 glaive "Toyt" {spect, rF+}
  7290 | D:6      | Found a white marble altar of Elyvilon.
  7320 | D:6      | Noticed Menkaure
  7326 | D:6      | Killed Menkaure
  7350 | D:6      | Found a staircase to the Ecumenical Temple.
  7370 | D:6      | Noticed Duvessa
  7370 | D:6      | Noticed Dowan
  7378 | D:6      | Killed Duvessa
  7382 | D:6      | Killed Dowan
  7454 | D:6      | Found a basalt altar of Yredelemnul.
  7494 | D:6      | Reached skill level 11 in Long Blades
  7606 | D:7      | Reached XP level 10. HP: 63/80 MP: 10/10
  7791 | D:7      | Found a sparkling altar of Nemelex Xobeh.
  8143 | D:7      | Noticed a gargoyle
  8154 | D:7      | Killed a gargoyle
  8395 | D:7      | Reached ***** piety under Trog
  8492 | D:8      | Noticed a cyclops
  8498 | D:8      | Killed a cyclops
  8499 | D:8      | Reached skill level 12 in Long Blades
  8593 | D:8      | Noticed Prince Ribbit
  8600 | D:8      | Killed Prince Ribbit
  8670 | D:8      | Received a gift from Trog
  8754 | D:8      | Found an ancient bone altar of Kikubaaqudgha.
  9674 | D:9      | Noticed a two-headed ogre
  9680 | D:8      | Reached skill level 13 in Long Blades
  9946 | D:9      | Reached XP level 11. HP: 84/89 MP: 11/11
 10152 | D:2      | Bought a potion of resistance for 120 gold pieces
 10152 | D:2      | Bought a potion of invisibility for 96 gold pieces
 10152 | D:2      | Bought a potion of flight for 36 gold pieces
 10152 | D:2      | Bought 2 potions of might for 96 gold pieces
 10152 | D:2      | Bought 2 potions of mutation for 192 gold pieces
 10152 | D:2      | Bought 2 potions of attraction for 72 gold pieces
 10152 | D:2      | Bought a potion of magic for 96 gold pieces
 10152 | D:2      | Bought a potion of might for 48 gold pieces
 10611 | D:9      | Killed a two-headed ogre
 10638 | D:9      | Noticed a two-headed ogre
 10645 | D:9      | Killed a two-headed ogre
 10646 | D:9      | Reached skill level 14 in Long Blades
 10920 | D:10     | Entered Level 10 of the Dungeon
 10920 | D:10     | Found a staircase to the Lair.
 10970 | D:10     | Noticed Sonja
 10974 | D:10     | Noticed Sonja
 10974 | D:10     | Sonja changed into Sonja the wyvern
 10979 | D:10     | Killed Sonja the wyvern
 11364 | D:10     | Noticed a two-headed ogre
 11375 | D:10     | Killed a two-headed ogre
 11376 | D:10     | Reached skill level 15 in Long Blades
 11433 | D:10     | Noticed Snorg
 11451 | D:10     | Killed Snorg
 11690 | D:10     | Found a staircase to the Orcish Mines.
 11690 | D:10     | Noticed Nergalle
 11699 | D:10     | Noticed Nergalle
 11699 | D:10     | Nergalle changed into Nergalle the snapping turtle
 11729 | D:10     | Killed Nergalle the snapping turtle
 11729 | D:10     | Received a gift from Trog
 11879 | Lair:1   | Entered Level 1 of the Lair of Beasts
 12137 | Lair:1   | Reached skill level 16 in Long Blades
 12618 | Lair:2   | Reached XP level 12. HP: 86/95 MP: 12/12
 12644 | Lair:2   | Noticed a seven-headed hydra
 12652 | Lair:2   | Killed a four-headed hydra
 12775 | Lair:2   | Reached skill level 17 in Long Blades
 13004 | Lair:2   | Found a staircase to the Shoals.
 13047 | Lair:2   | Noticed a five-headed hydra
 13053 | Lair:2   | Killed a three-headed hydra
 13124 | Lair:2   | You fall into a shaft and drop 2 floors!
 13182 | Lair:4   | Reached skill level 18 in Long Blades
 13263 | Lair:4   | Reached XP level 13. HP: 101/101 MP: 13/13
 13346 | Lair:4   | Reached skill level 19 in Long Blades
 13502 | Lair:4   | Noticed a seven-headed hydra
 13509 | Lair:4   | Killed a two-headed hydra
 13645 | Lair:4   | Received a gift from Trog
 13874 | Lair:4   | Identified the +10 falchion of Sioruim {elec, rElec Str-4
                  | Dex+4}
 14551 | Lair:5   | Reached skill level 20 in Long Blades
 15386 | Lair:6   | Entered Level 6 of the Lair of Beasts
 15408 | Lair:6   | Noticed Rupert
 15444 | Lair:6   | Killed Rupert
 15445 | Lair:6   | Reached skill level 21 in Long Blades
 15445 | Lair:6   | Reached XP level 14. HP: 108/108 MP: 14/14
 16022 | Lair:6   | Noticed MacCMillion's ghost (journeyman TrMo)
 16081 | Lair:6   | Reached skill level 22 in Long Blades
 16246 | Lair:6   | Found a runed translucent gate.
 16246 | Lair:6   | Found a runed translucent gate.
 16246 | Lair:6   | Found a runed translucent gate.
 16352 | Lair:6   | Found a staircase to the Slime Pits.
 17098 | Lair:3   | Found a staircase to the Snake Pit.
 18195 | Orc:1    | Entered Level 1 of the Orcish Mines
 18389 | Orc:1    | Reached XP level 15. HP: 113/113 MP: 15/15
 18578 | Orc:2    | Entered Level 2 of the Orcish Mines
 18592 | Orc:2    | Reached skill level 23 in Long Blades
 18630 | Orc:2    | Found a dark tunnel.
 18637 | Volcano  | Entered a volcano
 18894 | Volcano  | Found a radiant altar of Vehumet.
 19082 | Orc:2    | Received a gift from Trog
 19350 | Orc:2    | Found Ampyudaugg's Jewellery Boutique.
 19388 | Orc:2    | Paralysed by an ogre mage for 6 turns
 19632 | Orc:2    | Reached skill level 24 in Long Blades
 19651 | Orc:2    | Found Afonwibu's Magic Scroll Boutique.
 19656 | Orc:2    | Found Iwkeceus's General Store.
 19673 | Orc:2    | Found Rihituat's Book Shop.
 19738 | Orc:2    | Bought a scroll of summoning for 152 gold pieces
 19738 | Orc:2    | Bought a scroll of teleportation for 48 gold pieces
 19738 | Orc:2    | Bought a scroll of teleportation for 48 gold pieces
 19738 | Orc:2    | Bought a scroll of blinking for 120 gold pieces
 19738 | Orc:2    | Bought a scroll of identify for 32 gold pieces
 19738 | Orc:2    | Bought a scroll of teleportation for 48 gold pieces
 19738 | Orc:2    | Bought a scroll of identify for 32 gold pieces
 19738 | Orc:2    | Bought a scroll of immolation for 56 gold pieces
 19744 | Orc:2    | Bought a potion of curing for 39 gold pieces
 19744 | Orc:2    | Bought a scroll of identify for 26 gold pieces
 19871 | Orc:2    | Found a staircase to the Elven Halls.
 20520 | D:11     | You fall into a shaft and drop 1 floor!
 21223 | D:12     | Reached XP level 16. HP: 120/120 MP: 16/16
 22020 | D:13     | Received a gift from Trog
 22267 | D:13     | Reached skill level 10 in Fighting
 22656 | D:13     | Reached skill level 5 in Armour
 22666 | D:14     | Reached skill level 5 in Dodging
 22885 | D:14     | Found a frozen archway.
 22930 | IceCv    | Entered an ice cave
 22940 | IceCv    | HP: 5/124 [golden dragon simulacrum (6)]
 22940 | IceCv    | Slain by a golden dragon simulacrum

Illustrated notes

Levels and vault maps discovered:
D:1:      kennysheep_arrival_seaside, layout_basic
D:2:      layout_loops_ring, basic_ecumenical_altar, serial_shops,
          nicolae_shop_stone
D:3:      minmay_chambers_of_twos, layout_loops_corners, uniq_grinder,
          uniq_jessica
D:4:      layout_basic, mainiacjoe_overflow_catwalk
D:5:      layout_layer_cave, uniq_pikel
D:6:      layout_basic, kennysheep_ying_yang, tgw_sif,
          minmay_temple_entry_butterflies, uniq_edmund, uniq_menkaure,
          uniq_duvessa
D:7:      layout_gridville, mainiacjoe_overflow_tiny_flanked, serial_rivers,
          chequers_serial_rivers_micro_b, chequers_serial_rivers_micro_a,
          chequers_serial_rivers_large_a, chequers_serial_rivers_micro_e,
          chequers_serial_rivers_small_b
D:8:      layout_basic, kiku_gazebo_garden_becter, minivault_5,
          uniq_prince_ribbit1
D:9:      layout_basic, minivault_14
D:10:     layout_irregular_city, lair_entry_dummy, hiddenorc1_lemuel,
          uniq_sonja, uniq_nergalle, uniq_snorg
D:11:     layout_cave_pools, st_stairs_6
D:12:     layout_roguey
D:13:     layout_loops_corners
D:14:     layout_small_grid, erik_vaults_2, small_statue_intersection,
          portal_ice_cave_entry_ugly_swarm
Lair:1:   layout_regular_city, lemuel_fruit_tree
Lair:2:   layout_chaotic_city, minmay_shoals_entry_lonely_mermaid,
          roderic_carrion_pond, grunt_megastairs_4
Lair:3:   layout_cave_pods, minmay_snake_entry_six_corridors,
          infiniplex_staircase_pool
Lair:4:   layout_layer_cave, serial_bayou_shore_b, serial_bayou_shore_b,
          infiniplex_staircase_pool_2, grunt_megastairs_3
Lair:5:   layout_gridlike
Lair:6:   evilmike_catoblepas_cave, layout_gridlike, dpeg_slime_entry_corner,
          gammafunk_ghost_icy, uniq_rupert
Orc:1:    layout_caves
Orc:2:    st_orc_open, layout_caves, enter_volcano_1, minmay_orc_keep
IceCv:    ice_cave_statue_garden_chambered

Skill      XL: |  1  2  3  4  5  6  7  8  9 10 11 12 13 14 15 16 |
---------------+-------------------------------------------------+-----
Long Blades    | 4 5 6 7 9 11 13 16 18 21 22 24 | 24.2
Fighting       | 4 5 6 8 9 10 | 10.7
Armour         | 3 6 |  6.1
Dodging        | 3 6 |  6.0

Action                   |  1- 3 |  4- 6 |  7- 9 | 10-12 | 13-15 | 16-18 || total
-------------------------+-------+-------+-------+-------+-------+-------++-------
Melee: Falchion          |    94 |   174 |   210 |   373 |       |       ||   851
       Great sword       |       |       |       |   133 |   761 |   184 ||  1078
Throw: Throwing net      |       |     2 |       |       |     4 |     1 ||     7
Invok: Berserk           |     1 |     6 |     7 |    11 |    12 |     3 ||    40
       Trog's Hand       |       |     3 |     1 |     9 |    16 |     6 ||    35
       Brothers in Arms  |       |       |       |       |     5 |       ||     5
Evoke: Wand              |       |       |    10 |    15 |     7 |       ||    32
       Condenser vane    |       |       |       |       |     2 |     1 ||     3
       Phial of floods   |       |       |       |       |     2 |       ||     2
       Lightning rod     |       |       |       |       |     2 |       ||     2
  Use: Scroll            |       |       |     9 |     9 |     9 |     8 ||    35
       Potion            |       |       |       |     2 |     3 |       ||     5
 Stab: Distracted        |       |       |       |       |     1 |       ||     1
Armor: Animal skin       |    14 |       |       |       |       |       ||    14
       Ring mail         |     1 |    48 |    74 |       |       |       ||   123
       Scale mail        |       |       |     9 |   247 |   311 |    11 ||   578
       Fire dragon scale |       |       |       |       |       |    57 ||    57
Dodge: Dodged            |    78 |   100 |    79 |   333 |   509 |    91 ||  1190

Table legend: (Time is in decaauts)
 A = Elapsed time spent in this place.
 B = Non-inter-level travel time spent in this place.
 C = Inter-level travel time spent in this place.
 D = Time resting spent in this place.
 E = Time spent auto-exploring this place.
 F = Levels seen in this place.
 G = Mean time per level.
                   A        B        C        D        E       F      G
               +--------+--------+--------+--------+--------+-----+--------+
         Total |  22935 |  21389 |   1546 |   1735 |  15728 |  24 |  955.6 |
       Dungeon |  14634 |  13398 |   1236 |   1142 |   9941 |  14 | 1045.3 |
          Lair |   6261 |   6036 |    225 |    398 |   4660 |   6 | 1043.5 |
  Orcish Mines |   1666 |   1581 |     85 |     87 |   1052 |   2 |  833.0 |
      Ice Cave |     14 |     14 |      0 |      0 |      0 |   1 |   14.0 |
       Volcano |    358 |    358 |      0 |    107 |     75 |   1 |  358.0 |
               +--------+--------+--------+--------+--------+-----+--------+

Top non-repeatable levels by time:
     D:1: 2087 daAuts
  Lair:6: 1483 daAuts
     D:4: 1378 daAuts
  Lair:4: 1369 daAuts
     D:3: 1363 daAuts
     D:8: 1350 daAuts
     D:5: 1286 daAuts
   Orc:2: 1136 daAuts
    D:13: 1070 daAuts
    D:10: 1051 daAuts
     D:2: 965 daAuts
  Lair:5: 953 daAuts
  Lair:3: 905 daAuts
     D:7: 900 daAuts
     D:9: 869 daAuts
